Map: Prion Terraces

Players

Miszu

  • Race: Protoss Protoss
  • League: Grandmaster

llllllllllll - Winner!

  • Race: Zerg Zerg
  • League: Master

VOD

Have the link to the VOD?

Description

Time

  • Played on: April 8, 2016, 6:01 p.m.
  • Length: 4:42
Show
View Real Time Build Order
Export as new Build Order

Miszu Protoss 

Build Orders: 1 Gate Expand 

Get SALT Encoding   

  12  0:01  Probe (Chrono Boost)  
  13  0:11  Probe (Chrono Boost)  
  14  0:18  Pylon  
  14  0:22  Probe (Chrono Boost)  
  15  0:36  Probe (Chrono Boost)  
  15  0:39  Gateway  
  16  0:47  Probe (Chrono Boost)  
  17  0:57  Probe (Chrono Boost)  
  18  1:09  Probe (Chrono Boost)  
  19  1:16  Nexus  
  19  1:21  Assimilator  
  19  1:23  Probe (Chrono Boost)  
  20  1:37  Cybernetics Core  
  20  1:46  Pylon  
  20  1:47  Probe (Chrono Boost)  
  21  1:57  Assimilator  
  21  1:58  Probe (Chrono Boost)  
  24  2:09  Probe  
  24  2:14  Adept (Chrono Boost)  
  25  2:21  Probe  
  26  2:27  Mothership Core  
  28  2:33  Pylon, Probe  
  29  2:45  Probe  
  29  2:46  Probe  
  29  2:51  Adept (Chrono Boost)  
  33  2:57  Probe  
  33  2:58  Probe  
  34  3:05  Gateway  
  35  3:09  Gateway, Probe  
  35  3:10  Probe  
  37  3:19  Probe  
  37  3:23  Adept (Chrono Boost)  
  37  3:26  Probe  
  41  3:30  Probe  
  42  3:38  Probe  
  42  3:49  Robotics Facility  
  42  3:51  Pylon  
  42  3:59  Pylon  
  41  4:05  Probe  
  41  4:07  Probe  
  33  4:24  Probe  
  29  4:25  Probe  
  26  4:34  Pylon  
Show
View Real Time Build Order
Export as new Build Order

llllllllllll Zerg - Winner!

Build Orders: Pool First 

Get SALT Encoding   

  12  0:01  Drone  
  13  0:12  Overlord  
  13  0:17  Drone  
  14  0:31  Drone x2  
  14  0:34  Drone  
  17  0:38  Extractor  
  16  0:48  Spawning Pool  
  15  0:52  Drone  
  15  0:56  Drone  
  17  1:20  Hatchery  
  17  1:23  Drone  
  17  1:34  Queen  
  17  1:39  Drone  
  20  1:43  Drone  
  20  1:46  Drone  
  22  1:53  Metabolic Boost  
  22  2:05  Roach Warren  
  21  2:11  Overlord  
  21  2:17  Overlord  
  21  2:45  Roach x5  
  21  2:48  Roach  
  33  2:53  Roach  
  35  3:03  Queen  
  37  3:10  Zergling x4  
  37  3:12  Zergling x2  
  40  3:17  Overlord  
  40  3:22  Zergling x4  
  40  3:25  Zergling x2  
  43  3:27  Zergling x2  
  43  3:30  Overlord  
  44  3:36  Zergling x2  
  44  3:37  Zergling x2  
  44  3:38  Zergling x2  
  47  3:44  Zergling x2  
  48  3:53  Zergling x8  
  51  4:02  Zergling x4  
  43  4:14  Zergling x6  
  43  4:15  Zergling x2  
Tags
 
Add a new tag
Caveats
  • Supply blocks, unpowered buildings, or Contaminate may cause inaccurate times.
  • Supply counts are checked every 10 seconds.